 Dungeon Crawl Stone Soup version 0.25-a0-1136-gc1285e62ab (webtiles) character file.

Game seed: 326723472256650103, levelgen mode: deterministic

862 Mrkan the Chucker (level 7, -8/67 HPs)
             Began as a Troll Hunter on May 23, 2020.
             Was a Follower of Yredelemnul.
             Killed by nerve-wracking pain
             ... invoked by an orc priest
              (14 damage)
             ... on level 6 of the Dungeon.
             The game lasted 00:06:18 (3868 turns).

Mrkan the Chucker (Troll Hunter)                    Turns: 3868, Time: 00:06:19

Health: -8/67      AC:  7    Str: 23    XL:     7   Next: 72%
Magic:  9/9        EV: 10    Int:  7    God:    Yredelemnul [*.....]
Gold:   351        SH:  0    Dex: 10    Spells: 6/6 levels left

rFire    . . .     SeeInvis .     - Unarmed
rCold    . . .     Gourm    +   (no shield)
rNeg     . . .     Faith    .   b - +0 robe
rPois    .         Spirit   .   r - +1 hat
rElec    .         Reflect  .   (no cloak)
rCorr    .         Harm     .   (gloves unavailable)
MR       .....                  (boots unavailable)
Stlth    +.........             (no amulet)
HPRegen  0.61/turn              (no ring)
MPRegen  0.11/turn              (no ring)

@: confused
A: large, unfitting armour, claws 3, fast metabolism 3, gourmand, regeneration
1, shaggy fur 1, tough skin 3
a: Animate Remains, Renounce Religion


You were on level 6 of the Dungeon.
You worshipped Yredelemnul.
Yredelemnul was aware of your devotion.
You were completely stuffed.

You visited 1 branch of the dungeon, and saw 6 of its levels.

You collected 351 gold pieces.

Inventory:

Missiles
 c - 4 large rocks (quivered)
 d - 2 throwing nets
 v - 2 atropa-tipped darts
Armour
 b - a +0 robe (worn)
 r - a +1 hat (worn)
Jewellery
 m - an uncursed amulet of faith {unknown}
Scrolls
 e - 3 scrolls of teleportation {unknown}
 h - 3 scrolls of immolation {unknown}
 i - a scroll of random uselessness {unknown}
 j - a scroll of enchant weapon {unknown}
 k - 3 scrolls of remove curse {unknown}
 n - a scroll of fear {unknown}
 o - 2 scrolls of identify {unknown}
 p - a scroll of enchant armour {unknown}
 q - 2 scrolls of amnesia {unknown}
 s - a scroll of magic mapping {unknown}
 t - a scroll of blinking {unknown}
Potions
 a - a potion of haste
 g - 2 potions of resistance {unknown}
 l - 2 potions of curing {unknown}
 u - a potion of degeneration {unknown}
Comestibles
 f - 9 rations
 w - 3 chunks of flesh


   Skills:
 - Level 3.0 Fighting
 - Level 5.2 Throwing
 - Level 1.5 Dodging
 - Level 0.3 Stealth
 * Level 4.0 Unarmed Combat
 - Level 5.0 Invocations


You had 6 spell levels left.
You didn't know any spells.
Your spell library contained the following spells:

 Spells                   Type           Power        Failure   Level  Hunger
 Confusing Touch          Hex            #.......     80%         3    ####...
 Gell's Gravitas          Tloc           #.........   80%         3    ####...
 Petrify                  Tmut/Erth      #.......     99%         4    #####..
 Metabolic Englaciation   Hex/Ice        #.........   100%        5    ######.
 Yara's Violent Unravell  Hex/Tmut       #.........   100%        5    ######.


Dungeon Overview and Level Annotations

Branches:
Dungeon (6/15)
 Temple: D:4-7

Altars:
Cheibriados
Hepliaklqana
Okawaru
Wu Jian
Xom
Yredelemnul

Shops:
D:6 ?

Annotations:
D:4 3 runed translucent doors, Teror's ghost, amateur DsNe
D:6 1 runed translucent door, Eustachio; daodarkstar's ghost, novice DsFi


Innate Abilities, Weirdness & Mutations

You are too large for most types of armour.
You have claws for hands.
Your metabolism is lightning-fast.
You like to eat raw meat.
Your natural rate of healing is unusually fast.
You are covered in fur. (AC +1)
You have extremely tough skin. (AC +3)


Message History

You claw the orc wizard! Your claw misses the orc wizard.
The orc wizard is severely wounded.
Eustachio mumbles some strange words.
Eustachio blinks!
The centaur shoots an arrow.
The arrow hits you!
* * * LOW HITPOINT WARNING * * *
You scratch the orc wizard.
The orc wizard is almost dead.
The orc wizard hits you with a +0 dagger.
* * * LOW HITPOINT WARNING * * *
The orc closely misses you.
You're too confused to move!
The orc priest looks encouraged for a moment.
The orc wizard misses you. The orc barely misses you.
The orc priest calls upon Beogh to heal the orc wizard.
The orc wizard is healed somewhat.
The centaur shoots an arrow.
The arrow barely misses you.
The orc priest invokes the aid of Beogh against you.
Pain shoots through your body!
You die...
Your body rises from the dead as a mindless zombie.

#.......... #..........
#.......... #..........
#......@... #.o.......
#.oo..# +@(o..#
#####..c..+ #.........#
+........[# #≈/≈
#.........#
#≈≈≈###+#.........#
####S≈≈#.................
...#≈≈≈#.................
...#S≈F#............?....


You could see Eustachio, a centaur, 2 orc priests, an orc wizard and an orc.

Vanquished Creatures
  An ogre (D:4)
  A phantom (D:6)
  Blork the orc (D:5)
  A scorpion (D:5)
  A howler monkey (D:4)
  A crimson imp (D:5)
  2 hounds
  A jelly (D:5)
  An orc priest (D:4)
  5 orc wizards
  A bullfrog skeleton (D:5)
  3 worker ants
  A hound zombie (D:5)
  A hound skeleton (D:5)
  3 adders
  A howler monkey skeleton (D:4)
  An ooze (D:5)
  2 worms (D:3)
  2 dart slugs
  3 leopard geckos
  10 orcs
  5 giant cockroaches
  2 gnoll zombies (D:2)
  3 goblins
  4 hobgoblins
  2 jackals (D:5)
  A quokka (D:2)
  2 bats
  3 frilled lizards
  6 kobolds
  9 rats
80 creatures vanquished.

Notes
Turn   | Place    | Note
-------+----------+-------------------------------------------
     0 | D:1      | Mrkan the Troll Hunter began the quest for the Orb.
     0 | D:1      | Reached XP level 1. HP: 19/19 MP: 0/0
    50 | D:1      | Reached skill level 1 in Unarmed Combat
   277 | D:1      | Reached XP level 2. HP: 27/27 MP: 1/1
  1332 | D:2      | Found a basalt altar of Yredelemnul.
  1340 | D:2      | Became a worshipper of Yredelemnul the Dark
  1494 | D:2      | Reached XP level 3. HP: 33/33 MP: 2/2
  1611 | D:3      | Found an ornate altar of the Wu Jian Council.
  1668 | D:3      | Found a shimmering altar of Xom.
  1752 | D:3      | Found a faded altar of an unknown god.
  1782 | D:3      | Found a hazy altar of Hepliaklqana.
  2161 | D:4      | Reached XP level 4. HP: 33/44 MP: 3/3
  2234 | D:4      | Reached skill level 1 in Invocations
  2242 | D:4      | Found an iron altar of Okawaru.
  2251 | D:4      | Reached XP level 5. HP: 45/53 MP: 3/5
  2306 | D:4      | Found a snail-covered altar of Cheibriados.
  2308 | D:4      | Noticed an ogre
  2315 | D:4      | Reached * piety under Yredelemnul
  2321 | D:4      | Killed an ogre
  2321 | D:4      | Reached XP level 6. HP: 21/61 MP: 5/7
  2879 | D:4      | Found a runed translucent gate.
  2879 | D:4      | Found a runed translucent gate.
  2881 | D:4      | Found a runed translucent gate.
  2884 | D:4      | Noticed Teror's ghost (amateur DsNe)
  2978 | D:5      | Entered Level 5 of the Dungeon
  3017 | D:5      | Noticed Blork the orc
  3028 | D:5      | Killed Blork the orc
  3028 | D:5      | Reached skill level 5 in Invocations
  3147 | D:5      | Reached XP level 7. HP: 65/67 MP: 9/9
  3405 | D:5      | Reached skill level 5 in Throwing
  3795 | D:6      | Found Zugiqihi's Magic Scroll Emporium.
  3842 | D:6      | Noticed daodarkstar's ghost (novice DsFi)
  3843 | D:6      | Found a runed translucent door.
  3852 | D:6      | Noticed Eustachio
  3868 | D:6      | Killed from afar by an orc priest

Illustrated notes

Levels and vault maps discovered:
D:1:      elethiomel_arrival_shortcut, layout_loops_corners
D:2:      layout_loops_ring, lemuel_zombie_altar_yredelemnul
D:3:      layout_rooms, lemuel_doored_altar, nicolae_overflow_hidden_temple,
          lemuel_crystal_altar, first_ration,
          chequers_ecumenical_altar_simple_redux
D:4:      layout_loops_ring, kennysheep_mini_moat, kennysheep_mini,
          gammafunk_ghost_necromancy
D:5:      layout_basic, uniq_blork_the_orc
D:6:      layout_gridville, vehumet_altar_wand_db,
          nicolae_gozag_cash_rules_everything_around_me, ebering_ghost_sewer_f,
          serial_shops, nicolae_shop_trees, kennysheep_little_box,
          nicolae_shop_temple_entry_statues_fountains, shop,
          trog_three_pillars_becter, uniq_grinder, uniq_eustachio, uniq_pikel,
          uniq_edmund

Skill      XL: |  1  2  3  4  5  6  7 |
---------------+----------------------+-----
Unarmed Combat | 1 2 3 4 |  4.0
Fighting       | 2 3 |  3.0
Invocations    | 1 3 5 |  5.0
Throwing       | 5 |  5.2
Dodging        | |  1.5
Stealth        | |  0.3

Action                   |  1- 3 |  4- 6 |  7- 9 || total
-------------------------+-------+-------+-------++-------
Melee: Unarmed           |   112 |    68 |    85 ||   265
       Punch             |       |     1 |     1 ||     2
Throw: Large rock        |       |     2 |       ||     2
  Eat: Chunk             |    23 |    11 |     7 ||    41
Armor: Robe              |    41 |    18 |    33 ||    92
Dodge: Dodged            |    45 |    31 |    54 ||   130

Table legend:
 A = Non-vault XP
 B = Vault XP
 C = Vault XP percentage of total XP
 D = Non-vault monster count
 E = Vault monster count
 F = Vault count percentage of total count
                 A         B        C        D         E       F
            +---------+---------+-------+---------+---------+-------
      Total |    1134 |      98 |   8.0 |      77 |       3 |   3.8
            +---------+---------+-------+---------+---------+-------
        D:1 |      25 |       0 |   0.0 |      16 |       0 |   0.0
        D:2 |      23 |       4 |  14.8 |       7 |       2 |  22.2
        D:3 |      30 |       0 |   0.0 |      14 |       0 |   0.0
        D:4 |     508 |       0 |   0.0 |      21 |       0 |   0.0
        D:5 |     386 |      94 |  19.6 |      15 |       1 |   6.2
        D:6 |     162 |       0 |   0.0 |       4 |       0 |   0.0
            +---------+---------+-------+---------+---------+-------
